 Dungeon Crawl Stone Soup version 0.32-a0-768-g0f6f1dd4b9 (webtiles) character file.

Game seed: 6085109327148609905

52068 Doorstop00 the Fencer (level 14, -1/199 HPs)
             Began as a Minotaur Berserker on Mar 18, 2024.
             Was the Champion of Trog.
             Slain by Sonja
             ... wielding a +2 dagger of distortion
              (13 damage)
             ... on level 4 of the Lair of Beasts.
             The game lasted 02:04:19 (17551 turns).

Doorstop00 the Fencer (Minotaur Berserker)         Turns: 17551, Time: 02:04:19

Health: -1/199     AC: 14    Str: 25    XL:     14   Next: 25%
Magic:  13/13      EV: 12    Int: 14    God:    Trog [******]
Gold:   472        SH:  0    Dex: 10    Spells: 13/13 levels left

rFire   + . .        C - +11 Singing Sword {sonic wave}
rCold   + . .        (no shield)
rNeg    + + +        k - +1 scale mail {rPois}
rPois   +            (helmet restricted)
rElec   +            l - +0 cloak
rCorr   .            (no gloves)
SInv    .            f - +0 pair of boots
Will    +....        K - amulet "Siqokoak" {rN++ Regen+ RegenMP+} Stlth
                     V - ring of protection from cold
HPRegen 1.33/turn    O - ring of Vear {rElec rF+ rN+ Int+8 Slay-4}
MPRegen 0.53/turn

%: no passive effects
@: berserking (expiring), lethally poisoned (-1 -> -2), slowed
A: horns 2, retaliatory headbutt
a: Renounce Religion, Berserk, Trog's Hand, Brothers in Arms


You were on level 4 of the Lair of Beasts.
You worshipped Trog.
Trog was exalted by your worship.
You visited 3 branches of the dungeon, and saw 17 of its levels.
You also visited: Sewer.

You collected 1501 gold pieces.
You spent 1029 gold pieces at shops.

Inventory:

Hand Weapons
 w - a +1 flail of holy wrath
 A - a +2 triple sword of flaming
 C - the +11 Singing Sword (weapon) {sonic wave}
   (You found it on level 7 of the Dungeon)
 H - a +3 dire flail
 P - a +0 battleaxe of protection
Missiles
 c - a throwing net (quivered)
Armour
 f - a +0 pair of boots (worn)
 k - a +1 scale mail of poison resistance (worn)
 l - a +0 cloak (worn)
 v - the +5 scale mail of Qiwy {rC+ Regen+ Dex-2 SInv}
   (You found it on level 5 of the Dungeon)

   Dex-2:     It affects your dexterity (-2).
   rC+:       It protects you from cold.
   SInv:      It lets you see invisible.
   Regen+:    It increases your rate of health regeneration.
 B - a +1 plate armour of cold resistance
Jewellery
 e - a ring of flight
 s - a ring of flight
 x - a +4 ring of protection
 K - the amulet "Siqokoak" (around neck) {rN++ Regen+ RegenMP+}
   (You bought it in a shop on level 2 of the Dungeon)

   [amulet of magic regeneration]

   It increases your rate of magic regeneration.
   rN++:      It greatly protects you from negative energy.
   Regen+:    It increases your rate of health regeneration.
   RegenMP+:  It increases your rate of magic regeneration.
 O - the ring of Vear (right hand) {rElec rF+ rN+ Int+8 Slay-4}
   (You found it on level 2 of the Orcish Mines)

   [ring of protection from fire]

   Int+8:     It affects your intelligence (+8).
   Slay-4:    It affects your accuracy & damage with ranged weapons and melee
   (-4).
   rF+:       It protects you from fire.
   rElec:     It insulates you from electricity.
   rN+:       It protects you from negative energy.
 Q - a ring of resist corrosion
 V - a ring of protection from cold (left hand)
 Y - a ring of poison resistance
Wands
 q - a wand of charming (11)
 r - a wand of roots (25)
 D - a wand of flame (17)
Scrolls
 a - a scroll of teleportation
 b - 2 scrolls of silence
 j - 2 scrolls of enchant weapon
 t - a scroll of immolation
 z - a scroll of butterflies {unknown}
 L - 2 scrolls of enchant armour
 M - 2 scrolls of fog {unknown}
Potions
 d - 4 potions of invisibility
 g - a potion of berserk rage {unknown}
 h - 2 potions of lignification {unknown}
 m - 2 potions of mutation {unknown}
 n - 4 potions of heal wounds
 o - a potion of resistance {unknown}
 p - 4 potions of haste {unknown}
 R - 2 potions of enlightenment {unknown}
 X - 2 potions of cancellation {unknown}
Miscellaneous
 Z - a phial of floods


   Skills:
 * Level 14.9 Fighting
 + Level 17.6 Long Blades
 * Level 5.0(7.3) Axes
 - Level 3.2(4.6) Maces & Flails
 - Level 7.3(8.1) Polearms
 + Level 13.8 Armour
 + Level 9.4 Dodging
 - Level 3.3 Stealth
 + Level 0.1 Evocations


You had 13 spell levels left.
You didn't know any spells.
Your spell library was empty.

Dungeon Overview and Level Annotations

Branches:
Dungeon (11/15)            Temple (0/1) D:5            Lair (4/5) D:11
 Shoals (0/4) Lair:3       Spider (0/4) Lair:2          Orc (2/2) D:9
    Elf (0/3) Orc:2         Sewer (visited)
  Slime: Lair:4-5

Altars:
Cheibriados
Dithmenos
Trog
Uskayaw
Xom
Beogh

Shops:
D:2 =   D:4 *   D:6 :=![*   D:8 !   Orc:2 =**=

Annotations:
Lair:4 Sonja


Innate Abilities, Weirdness & Mutations

You have a pair of horns on your head.
You reflexively headbutt those who attack you in melee.


Message History

You feel as though you will be slow longer.
A red film seems to cover your vision as you go berserk!
You feel yourself moving faster!
You feel mighty!
You feel very sick. Sonja misses you. Sonja hits you but does no damage.
Space warps horribly around you! Sonja barely misses you.
Sonja hits you with a +2 dagger of distortion. x2
Space warps horribly around you!
* * * LOW HITPOINT WARNING * * *
Sonja closely misses you.
You barely miss Sonja. Your headbutt misses Sonja.
Sonja is heavily wounded.
You feel sick.
Sonja casts a spell.
Sonja blinks!
You feel sick.
Sonja hits you with a +2 dagger of distortion!
* * * LOW HITPOINT WARNING * * *
Space warps horribly around you!
* * * LOW HITPOINT WARNING * * *
Sonja hits you with a +2 dagger of distortion.
* * * LOW HITPOINT WARNING * * *
Sonja hits you but does no damage.
You blink.
You feel a strong urge to attack something.
Your skin stops crawling.
You feel less strong-willed.
You feel sick.
Sonja hits you with a +2 dagger of distortion.
* * * LOW HITPOINT WARNING * * *
Space warps around you.
* * * LOW HITPOINT WARNING * * *
Sonja hits you with a +2 dagger of distortion.
* * * LOW HITPOINT WARNING * * *
Sonja hits you with a +2 dagger of distortion.
* * * LOW HITPOINT WARNING * * *
Space warps around you.
* * * LOW HITPOINT WARNING * * *
You feel sick. Sonja attacks as she pursues you! Sonja closely misses you.
Sonja hits you but does no damage. x2; Space warps horribly around you!
You die...
Sonja applauds herself.

### ## #.##### ### ####### ##
#
.####..##.###.###..##.##P#.##
.............................
######..........@K......##.#.
#.%...........†...##
#....#...###.......# +
#....##+.##.#.#...#####.## #
#....##.....††.........>.P
#....P#........#..###.....
#....####.P.####..# ..# #...P
P...# # .......[......


You could see Sonja.

Vanquished Creatures
  Jorgrun (Orc:2)
  An orc warlord (Orc:2)
  Fannar (Orc:1)
  2 hydras
  A boulder beetle (Lair:3)
  10 two-headed ogres
  4 orc high priests (Orc:2)
  Amaemon (D:11)
  A skyshark (Lair:2)
  6 orc knights (Orc:2)
  6 orc sorcerers
  A cyclops (Orc:2)
  2 kobold blastminers (Orc:2)
  4 elephants (Lair:2)
  3 black mambas
  A torpor snail (Lair:3)
  6 cane toads
  An orange demon (D:11)
  2 gargoyles
  An ice statue (Lair:2)
  A rime drake (Lair:2)
  An unseen horror (D:11)
  7 komodo dragons
  An ice devil (Lair:2)
  4 merfolk (Lair:3)
  4 polar bears
  4 hornets
  5 trolls
  A shadow (D:5)
  34 yaks
  5 wraiths
  A wyvern (Lair:4)
  2 basilisks
  3 wargs
  2 steam dragons
  7 water moccasins
  An acid dragon (D:8)
  43 orc warriors
  2 sky beasts
  2 black bears
  7 ice beasts
  A centaur (D:6)
  12 ogres
  16 wolves
  A kobold brigand (Sewer)
  8 bullfrogs
  7 scorpions (D:7)
  3 gnoll sergeants
  10 wights
  34 killer bees
  2 electric eels (Lair:1)
  7 howler monkeys (D:8)
  A bombardier beetle (D:5)
  4 crimson imps
  36 orc priests
  3 hounds
  2 jellies
  Crazy Yiuf (D:2)
  5 iguanas
  Ijyb (D:4)
  15 orc wizards
  Robin (D:4)
  4 gnolls (D:6)
  10 adders
  6 river rats (Sewer)
  A shadow imp (D:8)
  A white imp (Lair:2)
  6 ufetubi
  A dart slug (D:3)
  2 ribbon worms (D:3)
  75 orcs
  6 endoplasms
  2 giant cockroaches
  10 goblins
  10 hobgoblins
  3 jackals (D:2)
  24 kobolds
  4 quokkas
  13 ball pythons
  9 bats
  6 frilled lizards (D:2)
  20 rats
  A butterfly (Lair:1)
576 creatures vanquished.

Vanquished Creatures (others)
  A water moccasin (D:7)
1 creature vanquished.

Grand Total: 577 creatures vanquished

Notes
Turn   | Place    | Note
-------+----------+-------------------------------------------
     0 | D:1      | Doorstop00 the Minotaur Berserker began the quest for the
                  | Orb.
     0 | D:1      | Reached XP level 1. HP: 19/19 MP: 0/0
   227 | D:1      | Found a faded altar of an unknown god.
   314 | D:1      | Reached XP level 2. HP: 27/27 MP: 1/1
   979 | D:2      | Reached skill level 1 in Maces & Flails
  1042 | D:2      | Reached XP level 3. HP: 33/33 MP: 2/2
  1841 | D:2      | Found Petolium's Jewellery Shoppe.
  1958 | D:2      | Found a runed translucent door.
  1959 | D:2      | Noticed Crazy Yiuf
  1965 | D:2      | Killed Crazy Yiuf
  1966 | D:2      | Reached skill level 1 in Polearms
  1966 | D:2      | Reached XP level 4. HP: 41/41 MP: 3/3
  2132 | D:3      | Found a glowing drain.
  2158 | Sewer    | Entered a sewer
  2176 | Sewer    | Reached ** piety under Trog
  2365 | Sewer    | Reached XP level 5. HP: 37/47 MP: 4/4
  2590 | Sewer    | Reached *** piety under Trog
  2794 | D:3      | Reached skill level 5 in Fighting
  3063 | D:3      | Reached XP level 6. HP: 56/56 MP: 5/5
  3414 | D:4      | Noticed Ijyb
  3414 | D:4      | Noticed Robin
  3430 | D:4      | Killed Ijyb
  3434 | D:4      | Killed Robin
  3551 | D:4      | Noticed a sky beast
  3556 | D:4      | Killed a sky beast
  3557 | D:4      | Reached skill level 5 in Armour
  3557 | D:4      | Reached skill level 1 in Stealth
  3564 | D:4      | Found Qauqosm's Assorted Antiques.
  4189 | D:5      | Entered Level 5 of the Dungeon
  4506 | D:4      | Reached XP level 7. HP: 27/62 MP: 6/6
  4836 | D:5      | Found a large runed translucent door.
  4836 | D:5      | Found a large runed translucent door.
  4841 | D:5      | Noticed a shadow
  4844 | D:5      | Noticed a two-headed ogre
  4852 | D:5      | Found a large runed translucent door.
  4852 | D:5      | Found a large runed translucent door.
  4896 | D:5      | Noticed a two-headed ogre
  4900 | D:5      | Killed a two-headed ogre
  4901 | D:5      | Reached skill level 5 in Polearms
  4901 | D:5      | Reached XP level 8. HP: 56/73 MP: 7/7
  5038 | D:5      | Killed a two-headed ogre
  5039 | D:5      | Reached skill level 5 in Dodging
  5039 | D:5      | Reached XP level 9. HP: 81/81 MP: 8/8
  5049 | D:5      | Identified the +5 scale mail of Qiwy {rC+ Regen+ Dex-2
                  | SInv}
  5127 | D:5      | Noticed a gargoyle
  5132 | D:5      | Killed a gargoyle
  5360 | D:5      | Found a staircase to the Ecumenical Temple.
  5597 | D:6      | Found Kuegoche's Antique Armour Shoppe.
  5607 | D:6      | Bought a steaming chain mail for 209 gold pieces
  5607 | D:6      | Identified the +0 chain mail of Doufuny {*Slow Dex+5} (You
                  | bought it in a shop on level 6 of the Dungeon)
  5614 | D:6      | Found Hodduron's Jewellery Boutique.
  5624 | D:6      | Reached **** piety under Trog
  5630 | D:6      | Found Laredipri's Book Emporium.
  5655 | D:6      | Found Qewon's Distillery.
  5668 | D:6      | Bought a potion of curing for 42 gold pieces
  5747 | D:6      | Found Wecas's General Store.
  5766 | D:6      | Reached skill level 10 in Armour
  6478 | D:7      | Found a snail-covered altar of Cheibriados.
  6553 | D:7      | Reached XP level 10. HP: 45/92 MP: 9/9
  6628 | D:7      | Found a bloodstained altar of Trog.
  6816 | D:7      | Found the +11 Singing Sword {sonic wave}
  6950 | D:7      | Reached skill level 10 in Fighting
  6954 | D:7      | Reached skill level 1 in Long Blades
  7200 | D:8      | Reached skill level 2 in Long Blades
  7534 | D:8      | Reached skill level 3 in Long Blades
  7835 | D:8      | Reached ***** piety under Trog
  7891 | D:8      | Noticed a two-headed ogre
  7901 | D:8      | Killed a two-headed ogre
  7991 | D:8      | Found Wedetz's Distillery.
  8407 | D:8      | Reached skill level 4 in Long Blades
  8411 | D:9      | Noticed a two-headed ogre
  8425 | D:9      | Killed a two-headed ogre
  8426 | D:9      | Reached XP level 11. HP: 93/102 MP: 10/10
  8527 | D:9      | Found a hide-covered altar of Uskayaw.
  8527 | D:9      | Found a shadowy altar of Dithmenos.
  8580 | D:9      | Noticed a two-headed ogre
  8588 | D:9      | Killed a two-headed ogre
  8691 | D:9      | Reached skill level 5 in Long Blades
  8727 | D:9      | Found a shimmering altar of Xom.
  8858 | D:9      | Found a staircase to the Orcish Mines.
  8864 | Orc:1    | Entered Level 1 of the Orcish Mines
  8864 | Orc:1    | Noticed an orc sorcerer
  8874 | Orc:1    | Killed an orc sorcerer
  9038 | Orc:2    | Entered Level 2 of the Orcish Mines
  9203 | Orc:2    | Received a gift from Trog
  9203 | Orc:2    | Noticed a two-headed ogre
  9236 | Orc:2    | Killed a two-headed ogre
  9237 | Orc:2    | Reached skill level 6 in Long Blades
  9300 | Orc:1    | Noticed Fannar
  9324 | Orc:2    | Reached skill level 7 in Long Blades
  9356 | Orc:1    | Killed Fannar
  9360 | Orc:1    | Reached skill level 8 in Long Blades
  9707 | Orc:2    | Noticed Jorgrun
  9809 | Orc:2    | Killed Jorgrun
  9810 | Orc:2    | Reached skill level 9 in Long Blades
 10193 | Orc:2    | Found a roughly hewn altar of Beogh.
 10241 | Orc:2    | Found Rukius's General Store.
 10241 | Orc:2    | Noticed an orc knight
 10245 | Orc:2    | Killed an orc knight
 10246 | Orc:2    | Reached skill level 10 in Long Blades
 10246 | Orc:2    | Reached XP level 12. HP: 99/112 MP: 11/11
 10263 | Orc:2    | Found Maun's Jewellery Boutique.
 10466 | Orc:2    | Received a gift from Trog
 10467 | Orc:2    | Reached skill level 11 in Long Blades
 10881 | D:2      | Bought the amulet "Siqokoak" {rN++ Regen+ RegenMP+} for 522
                  | gold pieces
 11072 | D:10     | Entered Level 10 of the Dungeon
 11105 | D:10     | Reached skill level 12 in Long Blades
 11320 | D:10     | Noticed a two-headed ogre
 11323 | D:10     | Killed a two-headed ogre
 11965 | D:11     | Found a staircase to the Lair.
 12131 | D:11     | Noticed Amaemon
 12139 | D:11     | Killed Amaemon
 12140 | D:11     | Reached skill level 13 in Long Blades
 12258 | D:11     | Noticed a two-headed ogre
 12264 | D:11     | Killed a two-headed ogre
 12276 | D:11     | Noticed a two-headed ogre
 12283 | D:11     | Killed a two-headed ogre
 12348 | D:11     | Noticed a five-headed hydra
 12356 | D:11     | Killed a five-headed hydra
 12357 | D:11     | Reached skill level 14 in Long Blades
 12782 | D:4      | Bought a scroll of brand weapon for 256 gold pieces
 12998 | Lair:1   | Entered Level 1 of the Lair of Beasts
 13051 | Lair:1   | Reached XP level 13. HP: 41/122 MP: 12/12
 13406 | Orc:2    | Reached ****** piety under Trog
 13428 | Orc:2    | Found a staircase to the Elven Halls.
 13500 | Orc:2    | Identified the ring of Vear {rElec rF+ rN+ Int+8 Slay-4}
 13696 | Orc:2    | Reached skill level 15 in Long Blades
 13900 | Orc:2    | Noticed an orc warlord
 13929 | Orc:2    | Killed an orc warlord
 14017 | Orc:2    | Found a roughly hewn altar of Beogh.
 14047 | Orc:2    | Found Causewav's Jewellery Shop.
 14085 | Orc:2    | Received a gift from Trog
 14102 | Orc:2    | Found Lagyel's Assorted Antiques.
 14225 | Orc:2    | Reached skill level 16 in Long Blades
 15531 | Lair:2   | Found a hole to the Spider Nest.
 15904 | Lair:2   | Reached skill level 17 in Long Blades
 16071 | Lair:2   | Reached XP level 14. HP: 128/132 MP: 13/13
 16444 | Lair:2   | Identified the +6 shortbow of Revolt {antimagic, rCorr
                  | Int+3}
 16653 | Lair:3   | Received a gift from Trog
 16819 | Lair:3   | Found a staircase to the Shoals.
 17438 | Lair:4   | Reached skill level 5 in Axes
 17502 | Lair:4   | Noticed Sonja
 17551 | Lair:4   | Slain by Sonja

Illustrated notes

Levels and vault maps discovered:
D:1:      wander_arrival_lonely_grave, layout_loops_corners,
          hellmonk_ecumenical_altar_heavens_door
D:2:      layout_basic, serial_shops, nicolae_shop_window_shopping,
          minmay_lizard_pond, uniq_crazy_yiuf_cottage
D:3:      layout_loops_cross, cheibrodos_sewer_entry_drain,
          minmay_goblin_kobold_house
D:4:      layout_basic, serial_shops, nicolae_shop_dealshenge,
          nicolae_goblin_pals
D:5:      layout_loops_cross, temple_doors_cd, minmay_hollow_rounded_squares
D:6:      layout_gridville, serial_shops, shop, shop,
          nicolae_shop_tiny_statue_garden, nicolae_shop_getting_attention,
          shop_fountains, nicolae_grassy_gnolls
D:7:      old_forge, layout_rooms, trog_book, mainiacjoe_overflow_catwalk,
          minmay_misc_feat_rows
D:8:      minmay_evil_eye, layout_layer_cave, serial_shops, shop,
          minmay_fountain_box
D:9:      layout_cross, led_xom_imps, gammafunk_temple_overflow_statue,
          orc_0_dummy
D:10:     layout_loops_corners
D:11:     layout_irregular_city, lair_entry_dummy, uniq_amaemon
Lair:1:   wad_woods_minihive, layout_regular_city, serial_bayou_lake_a,
          lemuel_fruit_fields
Lair:2:   layout_loops_ring, dummy_spider_entry, st_stairs_10,
          grunt_forest_small_clearings, ice2_lemuel, lemuel_fruit_fields,
          grunt_megastairs_4, serial_bayou_shore_b
Lair:3:   layout_concentric_octagons, elwin_shoals_entry_stream
Lair:4:   layout_regular_city, minmay_slime_entry_pillars, wad_woods_road_05,
          uniq_sonja
Orc:1:    layout_caves, uniq_fannar
Orc:2:    pubby_orc_utopia, uniq_jorgrun

Skill      XL: |  1  2  3  4  5  6  7  8  9 10 11 12 13 14 |
---------------+-------------------------------------------+-----
Axes           | 4 5 |  5.0
Fighting       | 4 5 7 8 9 11 12 13 14 | 14.9
Maces & Flails | 1 2 3 |  3.2
Armour         | 3 4 5 7 8 10 11 12 13 | 13.8
Polearms       | 1 2 3 5 6 7 |  7.3
Dodging        | 3 4 5 6 7 8 9 |  9.4
Stealth        | 1 2 3 |  3.3
Long Blades    | 4 10 14 17 | 17.6
Evocations     | |  0.1

Action                     |  1- 3 |  4- 6 |  7- 9 | 10-12 | 13-15 || total
---------------------------+-------+-------+-------+-------+-------++-------
  Melee: Hand axe          |    36 |       |       |       |       ||    36
         Headbutt          |    10 |    17 |    28 |    67 |    73 ||   195
         Lajatang          |    28 |   140 |   153 |   148 |       ||   469
         Double sword      |       |       |       |   275 |   464 ||   739
         Great mace        |       |       |       |     4 |       ||     4
         Triple sword      |       |       |       |       |     6 ||     6
 Invoke: Berserk           |     1 |     1 |     3 |     5 |     2 ||    12
         Trog's Hand       |       |       |       |       |     1 ||     1
  Evoke: Wand              |       |       |       |     1 |     2 ||     3
    Use: Scroll            |     7 |     5 |     1 |     5 |     5 ||    23
         Potion            |       |     1 |     1 |     2 |     2 ||     6
 Armour: Leather armour    |    14 |       |       |       |       ||    14
         Scale mail        |    46 |   149 |   159 |   618 |   385 ||  1357
  Dodge: Dodged            |    24 |   109 |   104 |   337 |   280 ||   854

Table legend: (Time is in decaauts)
 A = Elapsed time spent in this place.
 B = Non-inter-level travel time spent in this place.
 C = Inter-level travel time spent in this place.
 D = Time resting spent in this place.
 E = Time spent auto-exploring this place.
 F = Levels seen in this place.
 G = Mean time per level.
                   A        B        C        D        E       F      G
               +--------+--------+--------+--------+--------+-----+--------+
         Total |  17733 |  16217 |   1516 |   1382 |   7966 |  18 |  985.2 |
       Dungeon |  10990 |   9919 |   1071 |    827 |   6417 |  11 |  999.1 |
          Lair |   2981 |   2674 |    307 |    215 |   1216 |   4 |  745.2 |
  Orcish Mines |   3214 |   3076 |    138 |    291 |    332 |   2 | 1607.0 |
         Sewer |    546 |    546 |      0 |     49 |      0 |   1 |  546.0 |
               +--------+--------+--------+--------+--------+-----+--------+

Top non-repeatable levels by time:
   Orc:2: 2457 daAuts
     D:8: 1286 daAuts
     D:5: 1243 daAuts
     D:4: 1241 daAuts
     D:2: 1241 daAuts
  Lair:2: 1155 daAuts
     D:6: 1001 daAuts
  Lair:1: 941 daAuts
     D:1: 931 daAuts
    D:11: 928 daAuts
    D:10: 867 daAuts
     D:7: 835 daAuts
     D:3: 759 daAuts
   Orc:1: 757 daAuts
  Lair:3: 741 daAuts
